 Dungeon Sprint DCSS version 0.31-a0-841-g038b102fc3 (webtiles) character file.

Game seed: 14001705390849358444

2986 sircluck the Grappler (level 9, -7/105 HPs)
             Began as a Troll Berserker on Sept 27, 2023.
             Was the Champion of Trog.
             Killed from afar by an acid dragon (25 damage)
             ... with a splash of acid
             ... in the Dungeon (Sprint VII: "The Pits").
             The game lasted 00:01:16 (482 turns).

sircluck the Grappler (Troll Berserker)              Turns: 482, Time: 00:01:16

Health: -7/105     AC:  7    Str: 31    XL:     9   Next: 53%
Magic:  8/8        EV: 13    Int:  6    God:    Trog [******]
Gold:   0          SH:  0    Dex:  9    Spells: 8/8 levels left

rFire   . .          .
                       - Unarmed
rCold   . . .        (no shield)
rNeg    . . .        a - +0 animal skin
rPois   .            (helmet restricted)
rElec   .            (no cloak)
rCorr   .            (gloves unavailable)
SInv    .            (boots unavailable)
Will    .....        (no amulet)
Stlth   +            k - +3 ring of intelligence
HPRegen 1.17/turn    l - +3 ring of protection
MPRegen 0.11/turn

%: no teleportation
@: on berserk cooldown, slowed, very slow
A: large, unfitting armour, claws 3, regeneration 1, shaggy fur 1, tough skin 1
a: Renounce Religion, Berserk, Trog's Hand, Brothers in Arms


You were in the Dungeon.
You worshipped Trog.
Trog was exalted by your worship.
You visited 1 branch

Inventory:

Armour
 a - a +0 animal skin (worn)
Jewellery
 k - a +3 ring of intelligence (left claw)
 l - a +3 ring of protection (right claw)
Scrolls
 g - a scroll of blinking
 i - 2 scrolls of vulnerability
 j - a scroll of summoning
Potions
 b - 6 potions of curing
 c - 14 potions of heal wounds
 d - a potion of haste
 e - 4 potions of magic
 f - 4 potions of berserk rage
 h - 2 potions of invisibility
 m - 2 potions of might
 n - a potion of mutation


   Skills:
 + Level 11.3 Fighting
 + Level 11.2 Dodging
 + Level 13.1 Unarmed Combat


You had 8 spell levels left.
You didn't know any spells.
Your spell library was empty.

Dungeon Overview and Level Annotations

Branches:
Dungeon (1/1)

Altars:
Ashenzari
Cheibriados
Dithmenos
Elyvilon
Fedhas
Gozag
Hepliaklqana
Kikubaaqudgha
Makhleb
Nemelex Xobeh
Okawaru
Qazlal
Ru
Sif Muna
Trog
Uskayaw
Vehumet
Wu Jian
Xom
Yredelemnul
Zin
The Shining One
Jiyva
Lugonu


Innate Abilities, Weirdness & Mutations

You are too large for most types of armour.
You have claws for hands.
Your natural rate of healing is unusually fast.
You are covered in fur. (AC +1)
You have tough skin. (AC +1)


Message History

The hellwing is moderately wounded.
The fire bat bites you but does no damage.
The fire bat bites you.
* * * LOW HITPOINT WARNING * * *
You are engulfed in flames!
* * * LOW HITPOINT WARNING * * *
The hellwing hits you!
* * * LOW HITPOINT WARNING * * *
The hellwing hits you.
* * * LOW HITPOINT WARNING * * *
You scratch the hellwing. You claw the hellwing!
The hellwing is severely wounded.
The fire bat barely misses you.
You mangle the hellwing!!
The hellwing is almost dead.
The fire bat bites you but does no damage.
The hellwing hits you.
* * * LOW HITPOINT WARNING * * *
The hellwing hits you.
* * * LOW HITPOINT WARNING * * *
You mangle the hellwing!!
You kill the hellwing!
Trog accepts your kill. The fire bat barely misses you.
Your Dodging skill increases to level 11!
Your Unarmed Combat skill increases to level 13!
Unknown command.
Unknown command.
You eviscerate the fire bat!!!
You kill the fire bat!
Trog accepts your kill.
Unknown command.
You feel a strong urge to attack something.
You are no longer berserk.
You are exhausted.
You feel yourself slow down.
You start resting.
The acid dragon spits acid at you. The splash of acid hits you!!
You die...

#####......#..#......#
#[[##................#
#))#####'#####''######
#))##.......##''#
#))##.......##..##
#..##.......##...##
#'###...<...###...##+##.
...##.......# ##........
...##.......###.@###+###
#####.......##.D##
#..###########.)).D....
#)############..##.....
#)#....#..[[###.. #+##
#)#))..#..[[# ##.
#.)))..'..))# ..
#†#....#..))# .#
'.#....#..))# ##


You could see an acid dragon (catching breath).

Vanquished Creatures
  A hydra (D)
  A cane toad (D)
  A komodo dragon (D)
  An efreet (D)
  A hellwing (D)
  A tarantella (D)
  A fire bat (D)
  Edmund (D)
  Menkaure (D)
  An acid dragon (D)
  A sky beast (D)
  2 wolves (D)
  A centaur (D)
  3 scorpions (D)
  A gnoll sergeant (D)
  A gnoll bouda (D)
  A mummy (D)
  9 gnolls (D)
  2 river rats (D)
  An adder zombie (D)
  An orc (D)
  A bat (D)
  A goblin (D)
  A hobgoblin (D)
  2 jackals (D)
  3 kobolds (D)
  A jackal skeleton (D)
42 creatures vanquished.

Notes
Turn   | Place    | Note
-------+----------+-------------------------------------------
     0 | D        | sircluck the Troll Berserker began the quest for the Orb.
     0 | D        | Reached XP level 1. HP: 22/22 MP: 0/0
    40 | D        | Found a bloodstained altar of Trog.
    40 | D        | Found a shimmering blue altar of Sif Muna.
    40 | D        | Found a viscous altar of Jiyva.
    40 | D        | Found a hazy altar of Hepliaklqana.
    40 | D        | Found an opulent altar of Gozag.
    41 | D        | Found a glowing golden altar of the Shining One.
    41 | D        | Found a glowing silver altar of Zin.
    41 | D        | Found a basalt altar of Yredelemnul.
    41 | D        | Found a shimmering altar of Xom.
    41 | D        | Found an ornate altar of the Wu Jian Council.
    41 | D        | Found a sacrificial altar of Ru.
    41 | D        | Found a stormy altar of Qazlal.
    41 | D        | Found an iron altar of Okawaru.
    41 | D        | Found a sparkling altar of Nemelex Xobeh.
    41 | D        | Found a burning altar of Makhleb.
    41 | D        | Found a blossoming altar of Fedhas.
    41 | D        | Found a white marble altar of Elyvilon.
    41 | D        | Found a shadowy altar of Dithmenos.
    41 | D        | Found a snail-covered altar of Cheibriados.
    46 | D        | Noticed a scorpion
    50 | D        | Killed a scorpion
    51 | D        | Reached skill level 5 in Unarmed Combat
    51 | D        | Reached XP level 2. HP: 33/33 MP: 1/1
    51 | D        | Reached XP level 3. HP: 40/40 MP: 2/2
    51 | D        | Reached ** piety under Trog
    60 | D        | Found a corrupted altar of Lugonu.
    60 | D        | Found a radiant altar of Vehumet.
    61 | D        | Found a broken altar of Ashenzari.
    61 | D        | Found an ancient bone altar of Kikubaaqudgha.
    61 | D        | Found a hide-covered altar of Uskayaw.
    83 | D        | Reached XP level 4. HP: 49/49 MP: 3/3
    84 | D        | Reached *** piety under Trog
    92 | D        | Noticed a scorpion
    94 | D        | Killed a scorpion
    95 | D        | Reached skill level 5 in Fighting
    95 | D        | Reached skill level 5 in Dodging
    95 | D        | Reached skill level 6 in Unarmed Combat
   100 | D        | Reached **** piety under Trog
   101 | D        | Reached XP level 5. HP: 51/57 MP: 4/4
   149 | D        | Noticed a wolf
   149 | D        | Noticed a sky beast
   149 | D        | Noticed a wolf
   173 | D        | Killed a wolf
   174 | D        | Reached skill level 7 in Unarmed Combat
   179 | D        | Killed a wolf
   180 | D        | Reached skill level 8 in Unarmed Combat
   180 | D        | Reached XP level 6. HP: 53/68 MP: 5/5
   187 | D        | Reached ***** piety under Trog
   197 | D        | Killed a sky beast
   197 | D        | Received a gift from Trog
   198 | D        | Reached skill level 9 in Unarmed Combat
   198 | D        | Reached XP level 7. HP: 61/79 MP: 6/6
   243 | D        | Noticed a cane toad
   246 | D        | Killed a cane toad
   247 | D        | Reached skill level 10 in Unarmed Combat
   271 | D        | Noticed Edmund
   286 | D        | Killed Edmund
   289 | D        | Reached XP level 8. HP: 69/92 MP: 7/7
   314 | D        | Noticed a tarantella
   318 | D        | Killed a tarantella
   318 | D        | Identified the +12 triple sword of Debt {flame, *Noise
                  | rElec rCorr} (Trog gifted it to you in the Dungeon)
   318 | D        | Received a gift from Trog
   322 | D        | Reached skill level 11 in Unarmed Combat
   453 | D        | Noticed Menkaure
   454 | D        | Noticed a seven-headed hydra
   459 | D        | Killed Menkaure
   460 | D        | Noticed a komodo dragon
   460 | D        | Noticed a hellwing
   461 | D        | Noticed an efreet
   468 | D        | Killed a 12-headed hydra
   468 | D        | Reached ****** piety under Trog
   468 | D        | Received a gift from Trog
   469 | D        | Reached skill level 10 in Fighting
   469 | D        | Reached skill level 10 in Dodging
   469 | D        | Reached skill level 12 in Unarmed Combat
   469 | D        | Reached XP level 9. HP: 91/102 MP: 8/8
   470 | D        | Killed a komodo dragon
   472 | D        | Killed an efreet
   477 | D        | Killed a hellwing
   478 | D        | Reached skill level 13 in Unarmed Combat
   482 | D        | Killed from afar by an acid dragon

Illustrated notes

Levels and vault maps discovered:
D:        pitsprint [storerooms_1, entrance_room_1, metal_vault_5, armoury_2,
          mini_pit_1, grid_room_1, main_hall_1, silver_pit, the_coven_3,
          the_vestibule_1, steel_vault_2, golden_pit, hallway_of_sentries,
          crystal_vault_2, iron_vault_5, final_vault]

Skill      XL: |  1  2  3  4  5  6  7  8  9 |
---------------+----------------------------+-----
Fighting       | 4 5 6 7 9 10 11 | 11.3
Dodging        | 4 5 6 7 8 10 11 | 11.2
Unarmed Combat | 5 6 8 9 10 12 13 | 13.1

Action                     |  1- 3 |  4- 6 |  7- 9 || total
---------------------------+-------+-------+-------++-------
  Melee: Unarmed           |    11 |    46 |    53 ||   110
         Punch             |       |       |     4 ||     4
 Invoke: Berserk           |       |       |     2 ||     2
   Stab: Distracted        |       |       |     1 ||     1
 Armour: Animal skin       |     6 |    25 |    46 ||    77
  Dodge: Dodged            |     3 |    23 |    36 ||    62

Table legend: (Time is in decaauts)
 A = Elapsed time spent in this place.
 B = Non-inter-level travel time spent in this place.
 C = Inter-level travel time spent in this place.
 D = Time resting spent in this place.
 E = Time spent auto-exploring this place.
 F = Levels seen in this place.
 G = Mean time per level.
                   A        B        C        D        E       F      G
               +--------+--------+--------+--------+--------+-----+--------+
         Total |    463 |    463 |      0 |     55 |    193 |   1 |  463.0 |
       Dungeon |    463 |    463 |      0 |     55 |    193 |   1 |  463.0 |
               +--------+--------+--------+--------+--------+-----+--------+

Top non-repeatable levels by time:
       D: 463 daAuts
